 Dungeon Crawl Stone Soup version 0.30-a0-12-gd8047c6341 (webtiles) character file.

Game seed: 11030289494708979843

4 xian the Sneak (level 1, -1/22 HPs)
             Began as a Troll Delver on Aug 24, 2022.
             Slain by an orc
             ... wielding a +0 hand axe
              (4 damage)
             ... on level 5 of the Dungeon.
             The game lasted 00:00:27 (76 turns).

xian the Sneak (Troll Delver)                         Turns: 76, Time: 00:00:27

Health: -1/22      AC:  4    Str: 19    XL:     1   Next: 50%
Magic:  0/0        EV:  9    Int:  6    God:
Gold:   0          SH:  0    Dex: 11    Spells: 0/0 levels left

rFire   . . .      SeeInvis .      - Unarmed
rCold   . . .      Faith    .    (no shield)
rNeg    . . .      Spirit   .    a - +0 robe
rPois   .          Reflect  .    (helmet restricted)
rElec   .          Harm     .    (no cloak)
rCorr   .          Rampage  .    (gloves unavailable)
Will    .....                    (boots unavailable)
Stlth   ++........               (no amulet)
HPRegen 0.87/turn                (no ring)
MPRegen 0.07/turn                (no ring)

@: no status effects
A: large, unfitting armour, claws 3, regeneration 1, shaggy fur 1, tough skin 1
a: no special abilities


You were on level 5 of the Dungeon.
You visited 1 branch of the dungeon, and saw 1 of its levels.

Inventory:

Missiles
 g - 2 atropa-tipped darts (quivered)
Armour
 a - a +0 robe (worn)
Wands
 f - a wand of digging (3)
Scrolls
 b - a scroll of fog
 c - 2 scrolls of magic mapping
 d - a scroll of fear
Potions
 e - a potion of haste


   Skills:
 + Level 2.4 Fighting
 + Level 1.5 Dodging
 + Level 2.8 Stealth
 + Level 2.0 Unarmed Combat


You couldn't memorise any spells.
You didn't know any spells.
Your spell library was empty.

Dungeon Overview and Level Annotations

Branches:
Dungeon (5/15)
 Temple: D:4-7

Altars:

Shops:
D:5 *


Innate Abilities, Weirdness & Mutations

You are too large for most types of armour.
You have claws for hands.
Your natural rate of healing is unusually fast.
You are covered in fur. (AC +1)
You have tough skin. (AC +1)


Message History

The orc is severely wounded.
You barely miss the orc. You scratch the orc.
The orc is almost dead.
The orc hits you with a +1 hand axe of electrocution.
You scratch the orc.
You kill the orc!
You barely miss the orc. The orc hits you with a +0 hand axe.
You scratch the orc.
The orc is heavily wounded.
The orc hits you with a +0 hand axe.
You scratch the orc but do no damage.
The orc is heavily wounded.
The orc hits you with a +0 hand axe.
You scratch the orc.
The orc is heavily wounded.
The orc barely misses you.
You scratch the orc.
The orc is severely wounded.
The orc closely misses you.
You closely miss the orc.
The orc is severely wounded.
The orc hits you with a +0 hand axe.
You completely miss the orc.
The orc is severely wounded.
The orc hits you with a +0 hand axe.
You barely miss the orc.
The orc is severely wounded.
The orc barely misses you.
You barely miss the orc.
The orc is severely wounded.
The orc hits you with a +0 hand axe.
You scratch the orc.
The orc is almost dead.
The orc hits you with a +0 hand axe.
* * * LOW HITPOINT WARNING * * *
You scratch the orc but do no damage.
The orc is almost dead.
The orc hits you with a +0 hand axe.
You die...

##### #....#
.....#
########.....##
#..@oo........#
###.###o###....o.
#...# #.# ..#..
#.#.###.# .....
#.#.....##.#.####
#.#####.<....#
#.# #.##.#.#
..#####.#####.#
..#
..............#
#.#


You could see 3 orcs.

Vanquished Creatures
  2 orcs (D:5)
2 creatures vanquished.

Notes
Turn   | Place    | Note
-------+----------+-------------------------------------------
     0 | D:5      | xian the Troll Delver began the quest for the Orb.
     0 | D:5      | Reached XP level 1. HP: 22/22 MP: 0/0
    76 | D:5      | Slain by an orc

Illustrated notes

Levels and vault maps discovered:
D:5:      layout_loops_ring, gammafunk_temple_overflow_pools,
          nicolae_ru_path_of_blood, kennysheep_little_box, serial_shops, shop,
          nicolae_shop_bloodbath_and_beyond, nicolae_shop_crystal, sigmund_army

Action                   || total
-------------------------++-------
Melee: Unarmed           ||    17
Dodge: Dodged            ||     4

Table legend: (Time is in decaauts)
 A = Elapsed time spent in this place.
 B = Non-inter-level travel time spent in this place.
 C = Inter-level travel time spent in this place.
 D = Time resting spent in this place.
 E = Time spent auto-exploring this place.
 F = Levels seen in this place.
 G = Mean time per level.
                   A        B        C        D        E       F      G
               +--------+--------+--------+--------+--------+-----+--------+
         Total |     75 |     75 |      0 |      0 |     18 |   1 |   75.0 |
       Dungeon |     75 |     75 |      0 |      0 |     18 |   1 |   75.0 |
               +--------+--------+--------+--------+--------+-----+--------+

Top non-repeatable levels by time:
     D:5: 75 daAuts
